AoeStats
← IdliDosa

Arena

507512490Analyzed
2v2 RM · 14d ago on Sep 18, 2026· 41m 0s· 4 players
Game mode
Random Map
Map size
Medium (4 player)
Population
200
Speed
Normal
Resources
Standard
Victory
Conquest
Starting age
Dark Age
Ending age
Imperial Age
RankedLock teamsTeams togetherTeam positionsShared explorationLock speedFull tech treeHidden civsTurbo modeCheats
Victory
Defeat
🇫🇷 Persians · France
1216
+14
🇹🇼 Burgundians · Taiwan
1145
+17
🇮🇳 Koreans · India
1171
-16
🇹🇼 Slavs · Taiwan
1156
-15
IdliDosa
6:12 Loom
8:36 Feudal Age
10:03 Double-Bit Axe
12:51 Fletching
16:20 Horse Collar
22:30 Castle Age
23:18 Bodkin Arrow
24:01 Bow Saw
26:33 Heavy Plow
32:40 Fervor
32:51 Sanctity
34:11 Wheelbarrow
39:17 Imperial Age
38:35 Hand Cart
38:50 Ballistics
38:40 Masonry
39:04 Scale Mail Armor
39:14 Forging
39:34 Squires
40:07 Chain Mail Armor
39:39 Arson
40:00 Elite Fire Lancer
41:17 Iron Casting
42:26 Chemistry
南港包大爺
10:38 Feudal Age
8:54 Loom
15:10 Castle Age
13:35 Double-Bit Axe
13:56 Horse Collar
17:44 Wheelbarrow
17:36 Bow Saw
17:28 Heavy Plow
23:43 Gold Mining
23:51 Stone Mining
28:50 Imperial Age
27:49 Gold Shaft Mining
27:46 Scale Barding Armor
27:52 Forging
29:27 Chain Barding Armor
29:35 Bloodlines
29:26 Husbandry
31:38 Plate Barding Armor
31:38 Iron Casting
31:54 Squires
31:14 Pikeman
31:27 Elite Boyar
33:28 Scale Mail Armor
33:12 Halberdier
36:21 Chain Mail Armor
37:06 Blast Furnace
39:07 Plate Mail Armor
Shrek, the driver
3:42 Double-Bit Axe
7:28 Horse Collar
12:18 Feudal Age
11:19 Loom
13:40 Bow Saw
15:17 Arson
19:45 Castle Age
20:50 Scale Mail Armor
23:36 Wheelbarrow
25:03 Heavy Plow
26:06 Hand Cart
27:28 Stone Mining
27:55 Masonry
27:26 Treadmill Crane
28:31 Gold Mining
34:14 Imperial Age
31:30 Town Watch
32:08 Pikeman
33:05 Chain Mail Armor
33:39 Squires
36:18 Chemistry
35:16 Elite Skirmisher
36:00 Padded Archer Armor
35:50 Fletching
36:46 Plate Mail Armor
36:54 Conscription
36:27 Elite Skirmisher
38:10 Ballistics
37:47 Bodkin Arrow
38:30 Leather Archer Armor
40:31 Bracer
PILOT
11:27 Feudal Age
12:05 Double-Bit Axe
15:07 Castle Age
12:53 Horse Collar
15:56 Bow Saw
20:16 Heavy Plow
20:27 Heavy Plow
21:06 Wheelbarrow
25:01 Town Watch
25:02 Loom
28:42 Imperial Age
26:50 Hand Cart
27:06 Scale Barding Armor
27:21 Gold Mining
27:22 Stone Mining
27:43 Forging
28:04 Bloodlines
28:25 Chain Barding Armor
28:56 Gold Shaft Mining
28:58 Stone Shaft Mining
29:20 Conscription
30:08 Two-Man Saw
29:30 Elite War Elephant
31:06 Devotion
33:47 Iron Casting
33:54 Plate Barding Armor
34:34 Faith
35:05 Iron Casting
33:52 Light Cavalry
34:49 Husbandry
36:32 Citadels
36:25 Fletching
36:58 Ballistics
37:39 Chemistry
37:46 Bodkin Arrow
38:18 Kamandaran
39:25 Blast Furnace
37:57 Crossbowman
39:21 Padded Archer Armor
40:31 Leather Archer Armor
Connection lost

Rejoining the realm…

Still unreachable

The connection could not be restored.

Session expired

The server has moved on; the page needs a fresh start.